 Dungeon Crawl Stone Soup version 0.32-a0-685-g93135e86f0 (webtiles) character file.

Game seed: 8909136994778590094

65 seren the Ruffian (level 4, -2/28 HPs)
             Began as an Octopode Shapeshifter on Mar 12, 2024.
             Slain by an orc
             ... wielding a +0 falchion
              (3 damage)
             ... on level 2 of the Dungeon.
             The game lasted 00:03:33 (1636 turns).

seren the Ruffian (Octopode Shapeshifter)           Turns: 1636, Time: 00:03:34

Health: -2/28      AC:  1    Str: 15    XL:     4   Next: 13%
Magic:  4/4        EV: 13    Int: 12    God:
Gold:   151        SH:  0    Dex: 11    Spells: 3/3 levels left

rFire   . .          .
                       - Unarmed
rCold   . . .        (no shield)
rNeg    . . .        (helmet currently unavailable)
rPois   .            (no amulet)
rElec   .            (no ring)
rCorr   .            (no ring)
SInv    .            (no ring)
Will    .....        (no ring)
Stlth   +++          (no ring)
HPRegen 0.24/turn    (no ring)
MPRegen 0.09/turn    (no ring)
                     (no ring)

%: no passive effects
@: beast-form
A: beast (slay +1), almost no armour, amphibious, 8 rings, camouflage 1,
gelatinous body 1, (nimble swimmer 1), tentacles
a: Begin Untransformation


You were on level 2 of the Dungeon.
You were a hulking beast.
You visited 1 branch of the dungeon, and saw 3 of its levels.

You collected 151 gold pieces.

Inventory:

Missiles
 g - 13 poisoned darts (quivered)
Talismans
 b - a beast talisman (active)
 c - a flux talisman
Scrolls
 e - 3 scrolls of revelation {unknown}
 f - 3 scrolls of identify {unknown}
 h - 2 scrolls of enchant armour {unknown}
 i - a scroll of poison {unknown}
Potions
 a - a potion of lignification
 d - a potion of degeneration {unknown}


   Skills:
 + Level 1.6 Fighting
 + Level 2.4 Dodging
 + Level 1.8 Stealth
 * Level 3.6 Unarmed Combat
 * Level 3.4 Shapeshifting


You had 3 spell levels left.
You didn't know any spells.
Your spell library contained the following spells:

 Spells                   Type           Power      Damage    Failure   Level
 Magic Dart               Conj           0%         1d3       32%         1
 Searing Ray              Conj           0%         2d4       45%         2
 Gell's Gravitas          Tloc           0%         N/A       69%         3
 Teleport Other           Tloc           0%         N/A       69%         3
 Fulminant Prism          Conj/Alch      0%         3d5       97%         4
 Dispersal                Tloc           0%         N/A       100%        6


Dungeon Overview and Level Annotations

Branches:
Dungeon (3/15)

Altars:


Innate Abilities, Weirdness & Mutations

You are a hulking beast.
Your limbs bulge with bestial killing power. (Slay +1)
You cannot wear most types of armour.
You are amphibious.
You can wear up to eight rings at the same time.
Your skin changes colour to match your surroundings (Stealth+).
Your rubbery body absorbs attacks. (AC +1, EV +1)
((You are camouflaged when in or above water. (Stealth+)))
You have tentacles for arms and can constrict up to eight enemies at once.


Message History

An orc comes into view. It is wielding a +0 falchion.
There is an open door here.
The orc completely misses you.
The orc throws a boomerang.
The boomerang barely misses you. The orc hits you with a +0 trident!
You tentacle-slap the orc. You grab the orc. You squeeze the orc.
The orc is severely wounded.
You constrict the orc.
You kill the orc!
An orc priest comes into view. It is wielding a +0 short sword.
The orc throws a boomerang.
The boomerang misses you.
Found a stone staircase leading down.
The orc hits you but does no damage. The orc hits you with a +0 club.
* * * LOW HITPOINT WARNING * * *
The orc priest threatens, "Beogh's wrath is as vast as their mercy.
Make your choice!" (press Y on the ability menu to convert to Beogh)
The orc attacks as it pursues you! The orc misses you.
The orc hits you with a +0 club.
* * * LOW HITPOINT WARNING * * *
The orc hits you with a +0 club.
* * * LOW HITPOINT WARNING * * *
Things that are here:
a +0 trident; a +0 ring mail The orc attacks as it pursues you!
The orc closely misses you. The orc attacks as it pursues you!
The orc closely misses you.
There is an escape hatch in the ceiling here.
The orc hits you with a +0 falchion.
* * * LOW HITPOINT WARNING * * *
A mysterious force pulls you upwards. The hatch slams shut behind you.
You closely miss the orc. Your grab misses the orc.
Your tentacle-slap misses the orc.
The orc hits you with a +0 falchion.
* * * LOW HITPOINT WARNING * * *
You tentacle-slap the orc. Your grab misses the orc.
The orc is heavily wounded.
The orc hits you with a +0 falchion!
* * * LOW HITPOINT WARNING * * *
You completely miss the orc. You grab the orc.
The orc is heavily wounded.
You constrict the orc. The orc hits you with a +0 falchion.
You die...

...##.........#######......# #.
...#####+####.†.....#......# #.
...# #.# #######.##.###.# #. ...#
#.##########.##..##.# #.
########....##.......##..#.# #.
...##.......##.......###.#.# #.
...##.......##.......###.#.# #.
...##.......##.o..........>## #.
............##..h...........# #.
............######..........# #.
............# #..........####.
............# #............<#.
###.........###########.########.
###.......'........##.# #.
#.......########.##.# #.
######### #.##.# #. #.##.# #.


You could see an orc.

Vanquished Creatures
  2 adders (D:2)
  A dart slug (D:2)
  A ribbon worm (D:2)
  An orc (D:3)
  6 ball pythons
  3 endoplasms (D:1)
  3 giant cockroaches
  2 goblins (D:2)
  A hobgoblin (D:2)
  3 kobolds
  3 quokkas
  8 bats
  3 frilled lizards
  2 rats
39 creatures vanquished.

Notes
Turn   | Place    | Note
-------+----------+-------------------------------------------
     0 | D:1      | seren the Octopode Shapeshifter began the quest for the
                  | Orb.
     0 | D:1      | Reached XP level 1. HP: 13/13 MP: 1/1
    52 | D:1      | Found a faded altar of an unknown god.
   161 | D:1      | Reached XP level 2. HP: 16/18 MP: 2/2
   635 | D:2      | Reached skill level 1 in Stealth
   635 | D:2      | Reached XP level 3. HP: 23/23 MP: 3/3
  1056 | D:2      | Reached XP level 4. HP: 28/28 MP: 4/4
  1635 | D:2      | HP: 1/28 [orc/+0 falchion (7)]
  1636 | D:2      | Slain by an orc

Illustrated notes

Levels and vault maps discovered:
D:1:      scummos_arrival_simple_fountains, layout_loops_cross,
          basic_ecumenical_altar
D:2:      layout_basic, item_on_display_a
D:3:      layout_basic, uniq_ijyb

Skill      XL: |  1  2 |
---------------+-------+-----
Stealth        | 1 |  1.8
Fighting       | |  1.6
Dodging        | |  2.4
Unarmed Combat | |  3.6
Shapeshifting  | |  3.4

Action                     |  1- 3 |  4- 6 || total
---------------------------+-------+-------++-------
  Melee: Unarmed           |    66 |    11 ||    77
         Constrict         |    17 |     4 ||    21
         Tentacles         |    11 |     2 ||    13
   Stab: Sleeping          |     5 |     2 ||     7
 Armour: Skin              |    22 |    12 ||    34
  Dodge: Dodged            |    35 |     7 ||    42

Table legend: (Time is in decaauts)
 A = Elapsed time spent in this place.
 B = Non-inter-level travel time spent in this place.
 C = Inter-level travel time spent in this place.
 D = Time resting spent in this place.
 E = Time spent auto-exploring this place.
 F = Levels seen in this place.
 G = Mean time per level.
                   A        B        C        D        E       F      G
               +--------+--------+--------+--------+--------+-----+--------+
         Total |   1630 |   1582 |     48 |     82 |   1194 |   3 |  543.3 |
       Dungeon |   1630 |   1582 |     48 |     82 |   1194 |   3 |  543.3 |
               +--------+--------+--------+--------+--------+-----+--------+

Top non-repeatable levels by time:
     D:2: 999 daAuts
     D:1: 600 daAuts
     D:3: 30 daAuts
